 Dungeon Sprint DCSS version 0.31-a0-920-g28cbb04a8c (webtiles) character file.

Game seed: 7253480457196585056

97 sircluck the Ruffian (level 4, -18/49 HPs)
             Began as a Troll Berserker on Oct 17, 2023.
             Was a Follower of Trog.
             Demolished by an orc knight
             ... wielding a +0 long sword
              (26 damage)
             ... in the Dungeon (Sprint VII: "The Pits").
             The game lasted 00:00:27 (91 turns).

sircluck the Ruffian (Troll Berserker)                Turns: 91, Time: 00:00:28

Health: -18/49     AC:  4    Str: 27    XL:     4   Next: 42%
Magic:  3/3        EV: 10    Int:  3    God:    Trog [*.....]
Gold:   0          SH:  0    Dex:  9    Spells: 3/3 levels left

rFire   . .          .
                       - Unarmed
rCold   . . .        (no shield)
rNeg    . . .        a - +0 animal skin
rPois   .            (helmet restricted)
rElec   .            (no cloak)
rCorr   .            (gloves unavailable)
SInv    .            (boots unavailable)
Will    .....        (no amulet)
Stlth   +            (no ring)
HPRegen 1.08/turn    (no ring)
MPRegen 0.08/turn

%: no teleportation
@: no status effects
A: large, unfitting armour, claws 3, regeneration 1, shaggy fur 1, tough skin 1
a: Renounce Religion, Berserk


You were in the Dungeon.
You worshipped Trog.
Trog was aware of your devotion.
You visited 1 branch

Inventory:

Armour
 a - a +0 animal skin (worn)
Scrolls
 g - a scroll of blinking
Potions
 b - a potion of curing
 d - a potion of haste
 e - 2 potions of magic
 f - a potion of berserk rage


   Skills:
 + Level 4.9 Fighting
 + Level 4.8 Dodging
 + Level 5.8 Unarmed Combat


You had 3 spell levels left.
You didn't know any spells.
Your spell library was empty.

Dungeon Overview and Level Annotations

Branches:
Dungeon (1/1)

Altars:


Innate Abilities, Weirdness & Mutations

You are too large for most types of armour.
You have claws for hands.
Your natural rate of healing is unusually fast.
You are covered in fur. (AC +1)
You have tough skin. (AC +1)


Message History

The orc warrior barely misses you. The orc hits you with a +0 hand axe.
You claw the orc!
You kill the orc!
Trog accepts your kill.
The orc knight hits you with a +0 long sword!
The orc warrior hits you from afar with a +0 glaive!!
Ouch! That really hurt!
* * * LOW HITPOINT WARNING * * *
There is an open door to the Storerooms (Easy), spattered with blood here.
Things that are here:
a +0 hand axe; an orc corpse The orc no longer looks unusually strong.
The orc knight roars a battlecry!
The orc goes into a battle-frenzy!
The orc no longer looks unusually strong.
The orc knight roars a battlecry!
The orc goes into a battle-frenzy!
The orc warrior no longer looks unusually strong.
The orc knight roars a battlecry!
The orc warrior goes into a battle-frenzy!
Okay, then.
You feel much better.
You recover from your berserk rage.
You scratch the orc knight but do no damage.
You claw the orc knight!
The orc knight is lightly wounded.
An orc knight breaks down the door.
The orc warrior hits you from afar with a +0 glaive!!
Ouch! That really hurt!
* * * LOW HITPOINT WARNING * * *
You scratch the orc knight.
The orc knight is lightly wounded.
The orc warrior closely misses you.
You barely miss the orc knight.
The orc knight is lightly wounded.
The orc no longer looks unusually strong.
The orc warrior no longer looks unusually strong.
The orc knight hits you with a +0 long sword!!
Ouch! That really hurt!
You die...

###### #+##.....
+.##.....
##########o##.....
#@.ooo......).....
#o#####+#####.....
#.# #..... #.#
####'# #.# #.....
#.# #..... #.#
#..... #.# #...<.
#.....


You could see an orc knight, an orc warrior and 2 orcs.

Vanquished Creatures
  An orc warrior (D)
  An orc (D)
2 creatures vanquished.

Notes
Turn   | Place    | Note
-------+----------+-------------------------------------------
     0 | D        | sircluck the Troll Berserker began the quest for the Orb.
     0 | D        | Reached XP level 1. HP: 22/22 MP: 0/0
    21 | D        | Noticed an orc warrior
    40 | D        | Killed an orc warrior
    41 | D        | Reached skill level 5 in Unarmed Combat
    41 | D        | Reached XP level 2. HP: 16/33 MP: 1/1
    41 | D        | Reached XP level 3. HP: 19/41 MP: 2/2
    41 | D        | Reached XP level 4. HP: 23/49 MP: 3/3
    62 | D        | Noticed an orc warrior
    62 | D        | Noticed an orc knight
    91 | D        | Demolished by an orc knight

Illustrated notes

Levels and vault maps discovered:
D:        pitsprint [storerooms_1, entrance_room_1, metal_vault_4, armoury_2,
          mini_pit_1, grid_room_1, main_hall_1, silver_pit, the_coven_1,
          the_vestibule_1, steel_vault_5, golden_pit, hallway_of_sentries,
          crystal_vault_2, iron_vault_5, final_vault]

Skill      XL: |  1 |
---------------+----+-----
Fighting       | 4 |  4.9
Dodging        | 4 |  4.8
Unarmed Combat | 5 |  5.8

Action                     |  1- 3 |  4- 6 || total
---------------------------+-------+-------++-------
  Melee: Unarmed           |     4 |     7 ||    11
 Invoke: Berserk           |     1 |       ||     1
    Use: Potion            |       |     1 ||     1
 Armour: Animal skin       |     2 |     6 ||     8
  Dodge: Dodged            |       |     2 ||     2

Table legend: (Time is in decaauts)
 A = Elapsed time spent in this place.
 B = Non-inter-level travel time spent in this place.
 C = Inter-level travel time spent in this place.
 D = Time resting spent in this place.
 E = Time spent auto-exploring this place.
 F = Levels seen in this place.
 G = Mean time per level.
                   A        B        C        D        E       F      G
               +--------+--------+--------+--------+--------+-----+--------+
         Total |    102 |    102 |      0 |     29 |      0 |   1 |  102.0 |
       Dungeon |    102 |    102 |      0 |     29 |      0 |   1 |  102.0 |
               +--------+--------+--------+--------+--------+-----+--------+

Top non-repeatable levels by time:
       D: 102 daAuts
